 Dungeon Crawl Stone Soup version 0.27-a0-869-g165b36e3f0 (webtiles) character file.

Game seed: 11373114572800882967

14 ArcanElement the Skirmisher (level 2, -9/24 HPs)
             Began as a Demonspawn Monk on Apr 2, 2021.
             Was a Believer of Yredelemnul.
             Mangled by an ogre
             ... wielding a +0 giant club
              (16 damage)
             ... on level 2 of the Dungeon.
             The game lasted 00:02:52 (1097 turns).

ArcanElement the Skirmisher (Demonspawn Monk)       Turns: 1097, Time: 00:02:53

Health: -9/24      AC:  2    Str: 11    XL:     2   Next: 27%
Magic:  2/2        EV: 13    Int: 11    God:    Yredelemnul [**....]
Gold:   90         SH:  0    Dex: 15    Spells: 1/1 levels left

rFire    . . .     SeeInvis .   a - +0 short sword
rCold    . . .     Faith    .   (no shield)
rNeg     . . .     Spirit   .   b - +0 robe
rPois    .         Reflect  .   (helmet restricted)
rElec    .         Harm     .   (no cloak)
rCorr    .         Rampage  .   (no gloves)
Will     .....                  (no boots)
Stlth    ++........             (no amulet)
HPRegen  0.08/turn              (no ring)
MPRegen  0.08/turn              (no ring)

@: flying
A: horns 1
a: Renounce Religion, Animate Remains, Recall Undead Slaves, Injury Mirror


You were on level 2 of the Dungeon.
You worshipped Yredelemnul.
Yredelemnul was pleased with you.
You visited 1 branch of the dungeon, and saw 2 of its levels.

You collected 90 gold pieces.

Inventory:

Hand Weapons
 a - a +0 short sword (weapon)
Armour
 b - a +0 robe (worn)
Scrolls
 c - a scroll of enchant armour {unknown}
 d - 2 scrolls of identify {unknown}


   Skills:
 + Level 3.1 Fighting
 * Level 3.0 Short Blades
 + Level 2.8 Dodging
 * Level 1.9 Stealth
 * Level 0.2 Invocations


You had one spell level left.
You didn't know any spells.
Your spell library was empty.

Dungeon Overview and Level Annotations

Branches:
Dungeon (2/15)

Altars:
Yredelemnul


Innate Abilities, Weirdness & Mutations

You have a pair of small horns on your head.


Message History

Nothing appears to have answered your call.
The bat misses you.
Okay, then.
The bat closely misses you.
You hit the bat but do no damage. Your headbutt misses the bat.
The bat completely misses you. The bat barely misses you.
You barely miss the bat. The bat hits you but does no damage.
You hit the bat.
The bat is severely wounded.
The bat barely misses you. The bat barely misses you.
You barely miss the bat. You headbutt the bat.
You kill the bat!
Yredelemnul accepts your kill.
Okay, then.
Unknown command.
Magic restored.
You now have 79 gold pieces (gained 11).
You now have 90 gold pieces (gained 11).
An endoplasm comes into view.
An endoplasm is nearby!
The helpless endoplasm fails to defend itself.
You puncture the endoplasm!
You kill the endoplasm!
Yredelemnul accepts your kill.
An ogre comes into view. It is wielding a +0 giant club.
An ogre is nearby!
A quokka comes into view.
The ogre shouts!
The ogre hits you with a +0 giant club!
Ouch! That really hurt!
The quokka bites you.
* * * LOW HITPOINT WARNING * * *
It was a potion of flight.
You feel very buoyant.
You fly up into the air.
The ogre hits you with a +0 giant club!
Ouch! That really hurt!
You die...
Your body rises from the dead as a mindless zombie.

..# .[# #.# #.#
########## #.#####
#........###.#....
#.#####...##.#.###
#@# #........... #O#
#........##.
####r#########....##.
#.......# ##.#.###
#.##.##.# #.#....
#....# # #.#####
#..### .# #+#
#..####.# #.......#


You could see an ogre and a quokka.

Vanquished Creatures
  A ball python (D:1)
  A bat (D:2)
  2 endoplasms
  A giant cockroach (D:1)
  A goblin (D:1)
  A hobgoblin (D:1)
  A kobold (D:1)
  A frilled lizard (D:1)
  3 rats (D:1)
12 creatures vanquished.

Vanquished Creatures (others)
  2 plants (D:1)
2 creatures vanquished.

Grand Total: 14 creatures vanquished

Notes
Turn   | Place    | Note
-------+----------+-------------------------------------------
     0 | D:1      | ArcanElement the Demonspawn Monk began the quest for the
                  | Orb.
     0 | D:1      | Reached XP level 1. HP: 18/18 MP: 1/1
   542 | D:1      | Found a faded altar of an unknown god.
   559 | D:1      | Gained mutation: You have a pair of small horns on your
                  | head. [demonic ancestry]
   559 | D:1      | Reached XP level 2. HP: 23/24 MP: 2/2
   562 | D:1      | Became a worshipper of Yredelemnul the Dark
   562 | D:1      | Reached * piety under Yredelemnul
   562 | D:1      | Reached ** piety under Yredelemnul
  1078 | D:2      | Noticed an ogre
  1097 | D:2      | Mangled by an ogre

Illustrated notes

Levels and vault maps discovered:
D:1:      dpeg_arrival_connections, layout_basic, serial_forest,
          infiniplex_forest_clump_long, infiniplex_forest_pool,
          infiniplex_forest_end_1, infiniplex_forest_clump_small,
          infiniplex_forest_lined_room_2, infiniplex_forest_clump_diagonal,
          infiniplex_forest_corner_2, infiniplex_forest_corner_2,
          basic_ecumenical_altar
D:2:      layout_loops_corners

Skill      XL: |  1 |
---------------+----+-----
Short Blades   | 3 |  3.0
Fighting       | |  3.1
Dodging        | |  2.8
Stealth        | |  1.9
Invocations    | |  0.2

Action                   || total
-------------------------++-------
Melee: Short sword       ||    29
       Headbutt          ||     1
Invok: Animate Remains   ||     2
       Recall Undead Sla ||     1
  Use: Potion            ||     1
 Stab: Sleeping          ||     2
Armor: Robe              ||     4
Dodge: Dodged            ||    16

Table legend: (Time is in decaauts)
 A = Elapsed time spent in this place.
 B = Non-inter-level travel time spent in this place.
 C = Inter-level travel time spent in this place.
 D = Time resting spent in this place.
 E = Time spent auto-exploring this place.
 F = Levels seen in this place.
 G = Mean time per level.
                   A        B        C        D        E       F      G
               +--------+--------+--------+--------+--------+-----+--------+
         Total |   1095 |   1088 |      7 |     88 |    851 |   2 |  547.5 |
       Dungeon |   1095 |   1088 |      7 |     88 |    851 |   2 |  547.5 |
               +--------+--------+--------+--------+--------+-----+--------+

Top non-repeatable levels by time:
     D:1: 987 daAuts
     D:2: 107 daAuts
